 Dungeon Crawl Stone Soup version 0.28-a0-1594-ga885d4b3d6 (webtiles) character file.

Game seed: 1440509292637196446

24 Hasart the Skirmisher (level 2, -1/25 HPs)
             Began as a Demigod Fighter on Jan 21, 2022.
             Slain by Natasha (4 damage)
             ... on level 2 of the Dungeon.
             The game lasted 00:02:13 (1190 turns).

Hasart the Skirmisher (Demigod Fighter)             Turns: 1190, Time: 00:02:13

Health: -1/25      AC:  6    Str: 17    XL:     2   Next: 60%
Magic:  4/4        EV:  9    Int: 10    God:
Gold:   45         SH:  4    Dex: 13    Spells: 1/1 levels left

rFire   . . .      SeeInvis .   a - +0 long sword
rCold   . . .      Faith    .   c - +0 buckler
rNeg    . . .      Spirit   .   b - +0 scale mail
rPois   .          Reflect  .   (no helmet)
rElec   .          Harm     .   (no cloak)
rCorr   .          Rampage  .   (no gloves)
Will    .....                   (no boots)
Stlth   ..........              (no amulet)
HPRegen 0.08/turn               (no ring)
MPRegen 0.09/turn               (no ring)

@: slowed, very slow
A: high mp 1, forlorn, divine attributes
a: no special abilities


You were on level 2 of the Dungeon.
You visited 1 branch of the dungeon, and saw 2 of its levels.

You collected 45 gold pieces.

Inventory:

Hand Weapons
 a - a +0 long sword (weapon)
Armour
 b - a +0 scale mail (worn)
 c - a +0 buckler (worn)
Scrolls
 e - a scroll of identify {unknown}
Potions
 d - a potion of might
 f - a potion of cancellation {unknown}
 g - a potion of mutation {unknown}
 h - 2 potions of degeneration {unknown}


   Skills:
 + Level 2.9 Fighting
 * Level 2.3 Long Blades
 + Level 2.9 Armour
 + Level 0.3 Dodging
 + Level 2.8 Shields


You had one spell level left.
You didn't know any spells.
Your spell library was empty.

Dungeon Overview and Level Annotations

Branches:
Dungeon (2/15)

Annotations:
D:2 Natasha


Innate Abilities, Weirdness & Mutations

You have an increased reservoir of magic. (+10% MP)
You shall have no god before yourself.
Your divine heritage dramatically boosts your attributes as you level up.


Message History

You kill the kobold!
The rat closely misses you.
You hit the rat.
You kill the rat!
Things that are here:
a +0 dagger; 2 stones
h - 2 orange potions (gained 1) Natasha, Servant of Life and Death comes into view.
Found 5 gold pieces.
Natasha hisses angrily.
Natasha is nearby!
Natasha extends her claws.
Natasha stares at you and mumbles some strange words.
You resist with significant effort. Natasha closely misses you.
You barely miss Natasha. Natasha claws you.
You closely miss Natasha.
Natasha stares at you and mumbles some strange words.
The magic dart hits you. Natasha casts a spell at you.
You feel yourself slow down.
You hit Natasha.
Natasha is moderately wounded.
Natasha hisses.
Natasha claws you but does no damage. x2
You miss Natasha.
Natasha is moderately wounded.
Natasha claws you. x2
You completely miss Natasha.
Natasha is moderately wounded.
Natasha stares at you and mumbles some strange words.
The magic dart hits you!
* * * LOW HITPOINT WARNING * * *
Natasha closely misses you.
You closely miss Natasha.
Natasha is moderately wounded.
Natasha howls an incantation.
Natasha's front paws start to glow.
You block Natasha's attack. Natasha claws you.
You die...

#..............#
#..^......#
##...<...##
#...).....#
#.........#
#.........# #######
#(........# ......#
#......(...###......#
#.#..........@h$....#
..........#####......#
.########## ......#
.###### ##


You could see Natasha.

Vanquished Creatures
  A dart slug (D:1)
  2 endoplasms (D:1)
  2 goblins (D:1)
  4 hobgoblins
  4 bats (D:1)
  5 frilled lizards (D:1)
  2 kobolds
  3 rats
23 creatures vanquished.

Notes
Turn   | Place    | Note
-------+----------+-------------------------------------------
     0 | D:1      | Hasart the Demigod Fighter began the quest for the Orb.
     0 | D:1      | Reached XP level 1. HP: 18/18 MP: 3/3
   339 | D:1      | Reached XP level 2. HP: 11/25 MP: 4/4
  1181 | D:2      | Noticed Natasha
  1190 | D:2      | Slain by Natasha

Illustrated notes

Levels and vault maps discovered:
D:1:      giann_forest_graveyard, layout_basic, minmay_misc_feat_four_crosses,
          minmay_misc_feat_hallway
D:2:      layout_rooms, dreamdust_ecumenical_altar_statues, uniq_natasha,
          uniq_terence, uniq_sigmund

Skill      XL: |  1 |
---------------+----+-----
Long Blades    | 2 |  2.3
Fighting       | |  2.9
Armour         | |  2.9
Dodging        | |  0.3
Shields        | |  2.8

Action                   || total
-------------------------++-------
Melee: Long sword        ||    66
Armor: Scale mail        ||    25
Dodge: Dodged            ||    38
Block: Buckler           ||     9

Table legend: (Time is in decaauts)
 A = Elapsed time spent in this place.
 B = Non-inter-level travel time spent in this place.
 C = Inter-level travel time spent in this place.
 D = Time resting spent in this place.
 E = Time spent auto-exploring this place.
 F = Levels seen in this place.
 G = Mean time per level.
                   A        B        C        D        E       F      G
               +--------+--------+--------+--------+--------+-----+--------+
         Total |   1214 |   1135 |     79 |      0 |    946 |   2 |  607.0 |
       Dungeon |   1214 |   1135 |     79 |      0 |    946 |   2 |  607.0 |
               +--------+--------+--------+--------+--------+-----+--------+

Top non-repeatable levels by time:
     D:1: 1181 daAuts
     D:2: 32 daAuts
